 Dungeon Crawl Stone Soup version 0.28.0-45-g0d030f2227 (webtiles) character file.

Game seed: 16702703796069098368

57 MisterFreud the Cudgeller (level 3, -7/31 HPs)
             Began as a Palentonga Fighter on Apr 12, 2022.
             Mangled by a gnoll
             ... wielding a +0 flail
              (11 damage)
             ... on level 2 of the Dungeon.
             The game lasted 00:01:10 (1242 turns).

MisterFreud the Cudgeller (Palentonga Fighter)      Turns: 1242, Time: 00:01:11

Health: -7/31      AC:  6    Str: 19    XL:     3   Next: 73%
Magic:  3/3        EV:  7    Int:  8    God:
Gold:   12         SH:  4    Dex: 11    Spells: 2/2 levels left

rFire   . . .      SeeInvis +   a - +0 flail
rCold   . . .      Faith    .   c - +0 buckler
rNeg    . . .      Spirit   .   b - +0 scale mail
rPois   .          Reflect  .   (no helmet)
rElec   .          Harm     .   (no cloak)
rCorr   .          Rampage  .   (no gloves)
Will    .....                   (no barding)
Stlth   ..........              (no amulet)
HPRegen 0.10/turn               (no ring)
MPRegen 0.08/turn               (no ring)

@: no status effects
A: large, rugged brown scales 3, see invisible, deformed body, roll 1, armoured
tail
a: Rolling Charge


You were on level 2 of the Dungeon.
You visited 1 branch of the dungeon, and saw 2 of its levels.

You collected 12 gold pieces.

Inventory:

Hand Weapons
 a - a +0 flail (weapon)
Missiles
 e - 6 boomerangs
 i - 2 boomerangs of dispersal
 j - 2 poisoned darts
Armour
 b - a +0 scale mail (worn)
 c - a +0 buckler (worn)
Scrolls
 h - 2 scrolls of teleportation {unknown}
Potions
 d - a potion of might
 f - a potion of curing {unknown}
 g - 2 potions of haste {unknown}


   Skills:
 - Level 3.0 Fighting
 + Level 4.1 Maces & Flails
 - Level 2.4 Armour
 - Level 2.4 Shields


You had 2 spell levels left.
You didn't know any spells.
Your spell library was empty.

Dungeon Overview and Level Annotations

Branches:
Dungeon (2/15)

Altars:


Innate Abilities, Weirdness & Mutations

You are completely covered in rugged brown scales. (AC +3, +7% HP)
You have supernaturally acute eyesight. (SInv)
Armour fits poorly on your strangely shaped body.
You can roll at nearby foes to attack.
You have a long armoured tail.


Message History

The gnoll shouts!
You hear a shout!
A gnoll is nearby!
A gnoll is nearby!
You roll forward with a clatter of scales!
You hit the gnoll.
The gnoll is moderately wounded.
You hear a shout! x3
You block the gnoll's attack.
You hit the gnoll. You tail-slap the gnoll.
The gnoll is severely wounded.
You block the gnoll's attack. The gnoll closely misses you.
You sock the gnoll!
You kill the gnoll!
A goblin comes into view. It is wielding a +0 short sword.
Your Maces & Flails skill increases to level 4!
A gnoll comes into view. It is wielding a +0 flail.
There are monsters nearby!
You roll forward with a clatter of scales!
You closely miss the goblin.
A hobgoblin comes into view.
You block the goblin's attack.
You closely miss the gnoll.
The goblin hits you with a +0 short sword.
The gnoll hits you with a +0 flail!
You hit the gnoll.
The gnoll is heavily wounded.
You block the goblin's attack. The gnoll hits you with a +0 flail.
The goblin barely misses you.
You are too injured to fight recklessly!
A gnoll comes into view. It is wielding a +1 vorpal flail.
The gnoll shouts!
You see here a +0 flail.
You are too injured to fight recklessly!
You are too injured to fight recklessly!
You block the gnoll's attack.
You closely miss the gnoll.
The gnoll hits you with a +1 vorpal flail!
* * * LOW HITPOINT WARNING * * *
x2 The gnoll hits you with a +0 flail!
You die...

..# #.# #.#
##########.#
###........#.# ...
#.....####.#.# ..#
#####.###.#
#.#g##..### ......#
#.# #.#@#.....
#####.###.#
#.#g#...#
#####>....#
#.#g#...#
........#.#
#.#g#...#
######..#.####.....#
#.†..........#..#
##.#.#######.##.#
#.#.# #.# .# #.#.#
#.# .


You could see 2 gnolls, a hobgoblin and a goblin.

Vanquished Creatures
  A gnoll (D:2)
  An adder (D:2)
  2 dart slugs (D:1)
  5 ball pythons
  2 bats (D:1)
  An endoplasm (D:1)
  A giant cockroach (D:2)
  2 goblins (D:1)
  2 hobgoblins (D:1)
  3 jackals (D:1)
  3 quokkas (D:1)
  4 frilled lizards (D:1)
  5 kobolds (D:1)
  A rat (D:1)
33 creatures vanquished.

Notes
Turn   | Place    | Note
-------+----------+-------------------------------------------
     0 | D:1      | MisterFreud the Palentonga Fighter began the quest for the
                  | Orb.
     0 | D:1      | Reached XP level 1. HP: 19/19 MP: 1/1
   293 | D:1      | Reached XP level 2. HP: 25/25 MP: 2/2
   315 | D:1      | Reached skill level 3 in Maces & Flails
   475 | D:1      | Reached XP level 3. HP: 19/31 MP: 3/3
   925 | D:1      | Found a faded altar of an unknown god.
  1233 | D:2      | Reached skill level 4 in Maces & Flails
  1242 | D:2      | Mangled by a gnoll

Illustrated notes

Levels and vault maps discovered:
D:1:      lightli_arrival_quake, layout_loops_ring,
          shapermc_ecumenical_altar_hornbeckon, st_stairs_4
D:2:      layout_loops_ring, minmay_pentomino_r4

Skill      XL: |  1  2  3 |
---------------+----------+-----
Maces & Flails | 3 4 |  4.1
Fighting       | |  3.0
Armour         | |  2.4
Shields        | |  2.4

Action                   || total
-------------------------++-------
Melee: Flail             ||    88
       Tailslap          ||     8
 Abil: Rolling Charge    ||    17
Armor: Scale mail        ||    39
Dodge: Dodged            ||    38
Block: Buckler           ||    12
